 Dungeon Crawl Stone Soup version 0.29.1-1-gd02db6906a (webtiles) character file.

Game seed: 781166232479439377

235 masschaos23 the Chopper (level 6, -4/53 HPs)
             Began as a Hill Orc Fighter on Sept 15, 2022.
             Slain by a gnoll
             ... wielding a +4 spear of flaming
             ... led by a gnoll bouda
              (6 damage)
             ... on level 4 of the Dungeon.
             The game lasted 00:05:44 (2393 turns).

masschaos23 the Chopper (Hill Orc Fighter)          Turns: 2393, Time: 00:05:45

Health: -4/53      AC:  8    Str: 21    XL:     6   Next: 5%
Magic:  6/6        EV:  9    Int:  8    God:
Gold:   143        SH:  4    Dex: 10    Spells: 5/5 levels left

rFire   . . .      SeeInvis .   a - +0 war axe
rCold   . . .      Faith    .   c - +0 buckler
rNeg    . . .      Spirit   .   b - +0 scale mail
rPois   .          Reflect  .   (no helmet)
rElec   .          Harm     .   (no cloak)
rCorr   .          Rampage  .   g - +0 pair of gloves
Will    .....                   (no boots)
Stlth   ..........              (no amulet)
HPRegen 0.17/turn               (no ring)
MPRegen 0.10/turn               (no ring)

@: brilliant
A: no striking features
a: no special abilities


You were on level 4 of the Dungeon.
You visited 1 branch of the dungeon, and saw 4 of its levels.

You collected 143 gold pieces.

Inventory:

Hand Weapons
 a - a +0 war axe (weapon)
 o - the +9 dagger "Wimeang" {vorpal, rPois rF+ Dex+4}
   (You found it on level 3 of the Dungeon)

   It inflicts extra damage upon your enemies.
   Dex:       It affects your dexterity (+4).
   rF:        It protects you from fire.
   rPois:     It protects you from poison.
Missiles
 q - 2 atropa-tipped darts (quivered)
Armour
 b - a +0 scale mail (worn)
 c - a +0 buckler (worn)
 g - a +0 pair of gloves (worn)
Magical Staves
 j - a staff of death
Scrolls
 f - 7 scrolls of identify {unknown}
 k - a scroll of noise {unknown}
 l - 2 scrolls of silence {unknown}
 n - a scroll of vulnerability {unknown}
 p - a scroll of blinking {unknown}
Potions
 d - a potion of might
 e - a potion of brilliance
 h - a potion of mutation {unknown}
 i - a potion of degeneration {unknown}
 m - a potion of flight {unknown}


   Skills:
 + Level 4.6 Fighting
 + Level 5.7 Axes
 + Level 4.3 Armour
 + Level 0.7 Dodging
 + Level 0.1 Stealth
 + Level 3.9 Shields


You had 5 spell levels left.
You didn't know any spells.
Your spell library contained the following spells:

 Spells                   Type           Power      Damage    Failure   Level
 Magic Dart               Conj           0%         1d3       83%         1
 Sandblast                Erth           0%         2d4       83%         1
 Call Imp                 Summ           0%         N/A       92%         2
 Passwall                 Tmut/Erth      0%         N/A       92%         2
 Mephitic Cloud           Conj/Pois/Air  0%         N/A       99%         3
 Stone Arrow              Conj/Erth      0%         3d7       99%         3


Dungeon Overview and Level Annotations

Branches:
Dungeon (4/15)
 Temple: D:4-7

Altars:

Shops:
D:2 *


Message History

You barely miss the gnoll.
The gnoll is lightly wounded.
You hit the gnoll bouda. You barely miss the gnoll.
The gnoll hits you with a +0 flail.
The gnoll hits you with a +4 spear of flaming.
The gnoll burns you.
The gnoll bouda gazes fiercely through you!
You feel your attacks grow feeble. The gnoll bouda barely misses you.
The gnoll hits you but does no damage. The gnoll attacks as you move away!
The gnoll barely misses you.
The gnoll hits you from afar with a +4 spear of flaming.
The gnoll burns you.
The gnoll hits you from afar with a +4 spear of flaming.
The gnoll burns you.
Your attacks no longer feel as feeble.
The gnoll hits you from afar with a +4 spear of flaming.
The gnoll burns you.
You are too injured to fight recklessly!
You are too injured to fight recklessly!
You are too injured to fight recklessly!
Unknown command.
You closely miss the gnoll bouda.
The gnoll bouda is moderately wounded.
You block the gnoll bouda's attack.
The gnoll hits you from afar with a +4 spear of flaming.
The gnoll burns you. The gnoll barely misses you.
You hit the gnoll bouda.
The gnoll bouda is heavily wounded.
You barely miss the gnoll. The gnoll bouda misses you.
The gnoll hits you from afar with a +4 spear of flaming.
The gnoll burns you.
* * * LOW HITPOINT WARNING * * *
The gnoll hits you with a +0 flail.
* * * LOW HITPOINT WARNING * * *
It was a potion of brilliance.
You feel clever all of a sudden.
The gnoll bouda hits you with a +0 whip!
* * * LOW HITPOINT WARNING * * *
The gnoll hits you from afar with a +4 spear of flaming.
You die...

#.## ##. ##..###
##.. ##...†.###
#...
##..#.....###...
#..#####........
##.## ####.....
##.## ##.....
##..# # #......
###g@## #.#
#......
#..g###...##
#######
##(g#......#
##.......#
#.).....#
#......##
##.....# ###.###
#.


You could see a gnoll bouda and 2 gnolls.

Vanquished Creatures
  A necrophage (D:4)
  2 orc wizards (D:4)
  An iguana (D:4)
  A gnoll (D:4)
  An adder (D:4)
  A worm (D:3)
  2 dart slugs
  8 orcs
  5 endoplasms
  2 giant cockroaches (D:1)
  5 goblins
  8 hobgoblins
  6 kobolds
  3 quokkas
  4 ball pythons
  8 bats
  2 frilled lizards
  4 rats
64 creatures vanquished.

Notes
Turn   | Place    | Note
-------+----------+-------------------------------------------
     0 | D:1      | masschaos23 the Hill Orc Fighter began the quest for the
                  | Orb.
     0 | D:1      | Reached XP level 1. HP: 19/19 MP: 1/1
    83 | D:1      | Reached XP level 2. HP: 27/27 MP: 2/2
   288 | D:1      | Reached skill level 3 in Axes
   645 | D:2      | Reached XP level 3. HP: 26/33 MP: 3/3
   684 | D:2      | Found Lethiclahiwk's General Store.
  1332 | D:3      | Identified the +9 dagger "Wimeang" {vorpal, rPois rF+
                  | Dex+4}
  1748 | D:3      | Reached XP level 4. HP: 37/41 MP: 4/4
  1938 | D:4      | Reached skill level 4 in Axes
  2122 | D:4      | Reached XP level 5. HP: 37/47 MP: 5/5
  2135 | D:4      | Reached skill level 5 in Axes
  2217 | D:4      | Reached XP level 6. HP: 30/53 MP: 6/6
  2393 | D:4      | HP: 2/53 [gnoll bouda/+0 whip (7)]
  2393 | D:4      | Slain by a gnoll

Illustrated notes

Levels and vault maps discovered:
D:1:      minmay_arrival_open_corners, layout_basic
D:2:      layout_rooms, serial_shops, shop, st_stairs_14,
          kennysheep_flooded_box, minivault_14
D:3:      layout_rooms, hangedman_decor_clover_reticule, amethyst_killhole
D:4:      layout_cave_pods

Skill      XL: |  1  2  3  4  5 |
---------------+----------------+-----
Axes           | 3 4 5 |  5.7
Fighting       | 4 |  4.6
Armour         | 4 |  4.3
Dodging        | |  0.7
Stealth        | |  0.1
Shields        | |  3.9

Action                   |  1- 3 |  4- 6 || total
-------------------------+-------+-------++-------
Melee: War axe           |   137 |    51 ||   188
  Use: Potion            |       |     1 ||     1
Armor: Scale mail        |    90 |    30 ||   120
Dodge: Dodged            |    77 |    30 ||   107
Block: Buckler           |    35 |    12 ||    47
